 Dungeon Crawl Stone Soup version 0.16.1-51-g6203257 (webtiles) character file.

96 uhvn the Insei (level 4, -4/24 HPs)
             Began as a Vine Stalker Monk on July 9, 2015.
             Was an Initiate of Gozag.
             Killed by divine providence
             ... invoked by an orc priest
              (12 damage)
             ... on level 3 of the Dungeon.
             The game lasted 00:06:59 (1375 turns).

uhvn the Insei (Vine Stalker Monk)                  Turns: 1375, Time: 00:06:59

Health: -4/24      AC:  6    Str: 13    XL:     4   Next: 67%
Magic:  0/5        EV: 14    Int: 10    God:    Gozag
Gold:   142        SH:  0    Dex: 18    Spells: 0 memorised, 3 levels left

rFire  . . .     SeeInvis .     f - +0 dagger (elec)
rCold  . . .     Clarity  .     a - +0 robe
rNeg   . . .     SustAb   .     (no shield)
rPois  .         Gourm    .     (no helmet)
rElec  .         Spirit   +     i - +0 cloak
rCorr  .         Warding  .     (no gloves)
rMut   .         Stasis   .     o - +2 pair of boots
MR     .....                    (no amulet)
Stlth  +++.......               (no ring)
                                g - ring of teleport control

@: lethally poisoned (-4 -> -5), not resistant to hostile enchantments, fairly
stealthy
A: fangs 2, regeneration 1, magic shield, antimagic bite, no device heal 3, rot
immunity
a: Potion Petition, Call Merchant, Bribe Branch, Renounce Religion, Evoke
Teleport Control


You were on level 3 of the Dungeon.
You worshipped Gozag.
Gozag was noncommittal.
You were hungry.

You visited 1 branch of the dungeon, and saw 3 of its levels.

You collected 142 gold pieces.

Inventory:

Hand weapons
 f - a +0 dagger of electrocution (weapon)
Armour
 a - a +0 robe (worn)
 i - a +0 cloak (worn)
 o - a +2 pair of boots (worn)
Jewellery
 g - a ring of teleport control (left hand)
 r - an uncursed amulet of resist mutation {unknown}
Scrolls
 d - 2 scrolls of fog {unknown}
 e - a scroll of random uselessness {unknown}
 k - a scroll of remove curse {unknown}
 l - 2 scrolls of blinking {unknown}
 p - 4 scrolls of identify {unknown}
 s - a scroll of enchant armour {unknown}
 t - a scroll of magic mapping {unknown}
 u - a scroll of immolation {unknown}
 w - 3 scrolls of noise {unknown}
 y - a scroll of enchant weapon {unknown}
Potions
 m - 2 potions of agility {unknown}
 n - a potion of cure mutation {unknown}
 q - 2 potions of might {unknown}
 v - 2 potions of restore abilities {unknown}
 x - a potion of invisibility {unknown}
Comestibles
 b - 2 bread rations
 c - a beef jerky
 h - a royal jelly
 j - 3 meat rations


   Skills:
 + Level 3.2 Fighting
 * Level 1.2 Short Blades
 + Level 3.1 Dodging
 * Level 3.4 Stealth
 - Level 4.2 Unarmed Combat


You had 3 spell levels left.
You didn't know any spells.

Dungeon Overview and Level Annotations

Branches:
Dungeon (3/15)

Altars:
Gozag


Innate Abilities, Weirdness & Mutations

You have extremely sharp teeth.
Your natural rate of healing is unusually fast.
When hurt, damage is shared between your health and your magic reserves.
Your bite disrupts and absorbs the magic of your enemies.
Potions and wands cannot restore your health.
You are immune to rotting.


Message History

You hear a shout! x2
You hit the adder.
The adder is lightly wounded.
The adder barely misses you.
The hobgoblin shouts!
The adder misses you. The adder closely misses you.
You hit the adder.
The adder is moderately wounded.
The adder misses you.
The orc priest calls down the wrath of Beogh upon you.
Something smites you! The adder bites you.
You are poisoned.
The adder poisons you!
You feel sick.
The orc priest mumbles some strange prayers to Beogh against you.
Something smites you!
Ouch! That really hurt!
You die...
Your body crumbles into a pile of gold.

#.#.._....## ###.....
#...#.#....####......#
##.#.......)...(#....#
#..#......#######..##
##.##....## ####
#.####### #...# ###.#
#@## #S.## ##..#
######o######
#.!....o..o)#
#.......####.#
......... ..g......
........#


You could see an orc priest, an adder and an orc.

Vanquished Creatures
  Jessica (D:2)
  3 adders
  An ooze (D:1)
  A giant cockroach (D:1)
  9 goblins
  7 hobgoblins
  8 kobolds
  2 quokkas (D:2)
  A ball python (D:1)
  11 bats
  A giant gecko (D:1)
  2 giant newts (D:1)
  7 rats
54 creatures vanquished.

Notes
Turn   | Place    | Note
--------------------------------------------------------------
     0 | D:1      | uhvn, the Vine Stalker Monk, began the quest for the Orb.
     0 | D:1      | Reached XP level 1. HP: 11/11 MP: 1/1
   107 | D:1      | Reached XP level 2. HP: 13/16 MP: 3/3
   374 | D:1      | Reached XP level 3. HP: 13/20 MP: 4/4
  1197 | D:2      | Reached XP level 4. HP: 24/24 MP: 5/5
  1211 | D:2      | Noticed Jessica
  1216 | D:2      | Reached skill level 1 in Short Blades
  1221 | D:2      | Killed Jessica
  1315 | D:3      | Found an opulent altar of Gozag.
  1329 | D:3      | Became a worshipper of Gozag Ym Sagoz the Greedy
  1375 | D:3      | Killed from afar by an orc priest

Action                   |  1- 3 |  4- 6 || total
-------------------------+-------+-------++-------
Melee: Unarmed           |    37 |       ||    37
       Dagger            |    73 |    22 ||    95
 Stab: Sleeping          |     4 |     2 ||     6
       Distracted        |     2 |       ||     2
  Eat: Chunk             |       |     1 ||     1
